 Dungeon Crawl Stone Soup version 0.27-a0-334-g52645efa06 (webtiles) character file.

Game seed: 13610823604146069296

18391 wakim the Nimble (level 12, -5/102 HPs)
             Began as an Octopode Transmuter on Feb 13, 2021.
             Was an Initiate of Gozag.
             Slain by a cane toad (19 damage)
             ... on level 2 of the Lair of Beasts.
             The game lasted 00:58:09 (21161 turns).

wakim the Nimble (Octopode Transmuter)             Turns: 21161, Time: 00:58:09

Health: -5/102     AC: 11    Str:  9    XL:     12   Next: 58%
Magic:  48/48      EV: 14    Int: 20    God:    Gozag
Gold:   1739       SH:  5    Dex: 13    Spells: 17/24 levels left

rFire    x . .     SeeInvis +     - Unarmed
rCold    + + +     Faith    .   (shield currently unavailable)
rNeg     . . .     Spirit   .   (helmet currently unavailable)
rPois    +         Reflect  +   v - amulet of reflection
rElec    .         Harm     .   l - ring of see invisible
rCorr    .         Rampage  .   m - ring of wizardry
Will     .....                  n - +4 ring of protection
Stlth    ++++......             o - ring of magical power
HPRegen  0.27/turn              d - ring of magical power
MPRegen  0.31/turn              j - ring of magical power
                                (no ring)
                                (no ring)

@: about to teleport, ice-form
A: large, almost no armour, stealthy swim, amphibious, 8 rings, (constrict 8)
a: End Transformation, Renounce Religion, Potion Petition, Call Merchant, Bribe
Branch


You were on level 2 of the Lair of Beasts.
You worshipped Gozag.
Gozag was most pleased with you.
You were a creature of crystalline ice.
You visited 3 branches of the dungeon, and saw 15 of its levels.

You collected 3064 gold pieces.
You spent 83 gold pieces at shops.
You paid 1242 gold pieces to Gozag.

Inventory:

Armour
 u - a +0 kite shield (melded)
Magical Staves
 b - a staff of poison (melded)
Jewellery
 d - a ring of magical power (on tentacle)
 j - a ring of magical power (on tentacle)
 l - a ring of see invisible (left front paw)
 m - a ring of wizardry (right front paw)
 n - a +4 ring of protection (on tentacle)
 o - a ring of magical power (on tentacle)
 v - an amulet of reflection (around neck)
Wands
 q - a wand of flame (13) (quivered)
 r - a wand of mindburst (15)
 t - a wand of acid (4)
 w - a wand of digging (4)
Scrolls
 a - 2 scrolls of magic mapping
 c - 5 scrolls of teleportation
 f - 2 scrolls of amnesia
 k - 19 scrolls of identify
 p - a scroll of fog
 x - a scroll of fear
Potions
 e - 5 potions of brilliance
 g - 2 potions of flight
 h - 3 potions of attraction
 i - a potion of curing
 s - a potion of invisibility {unknown}


   Skills:
 + Level 9.1 Fighting
 * Level 9.3 Dodging
 - Level 8.0 Stealth
 - Level 5.0 Shields
 * Level 8.8 Unarmed Combat
 * Level 6.5 Spellcasting
 + Level 8.3 Transmutations
 - Level 3.0 Ice Magic
 - Level 3.0 Poison Magic
 + Level 2.0 Evocations


You had 17 spell levels left.
You knew the following spells:

 Your Spells              Type           Power        Failure   Level
b - Spider Form           Tmut/Pois      14%          1%          3
c - Ice Form              Ice/Tmut       29%          4%          4

Your spell library contained the following spells:

 Spells                   Type           Power        Failure   Level
 Beastly Appendage        Tmut           78%          1%          1
 Wereblood                Tmut           39%          1%          2
 Blade Hands              Tmut           19%          3%          5
 Irradiate                Conj/Tmut      11%          21%         5
 Leda's Liquefaction      Hex/Erth       3%           36%         4
 Lee's Rapid Deconstruct  Erth           3%           69%         5
 Iron Shot                Conj/Erth      3%           99%         6


Dungeon Overview and Level Annotations

Branches:
Dungeon (11/15)            Temple (1/1) D:7            Lair (3/6) D:9
  Swamp: Lair:2-4    Shoals: Lair:2-4     Snake: Lair:2-4    Spider: Lair:2-4
    Orc: D:9-12

Altars:
Ashenzari
Cheibriados
Dithmenos
Elyvilon
Fedhas
Gozag
Kikubaaqudgha
Nemelex Xobeh
Okawaru
Qazlal
Ru
Sif Muna
Trog
Uskayaw
Vehumet
Wu Jian
Xom
Zin

Shops:
D:9 =   D:10 [!**

Annotations:
D:4 Grinder
D:7 2 runed translucent doors, Megustar's ghost, novice DEAE


Innate Abilities, Weirdness & Mutations

You cannot wear most types of armour.
You are very stealthy in the water. (Stealth+)
You are amphibious.
You can wear up to eight rings at the same time.
((You can use your tentacles to constrict eight enemies at once.))
((Your skin changes colour to match your surroundings (Stealth+).))
((Your rubbery body absorbs attacks. (AC +1, EV +1)))


Message History

The blink frog hits you but does no damage.
You block the komodo dragon's attack.
The blink frog blinks!
The cane toad gives a loud, deep croak!
There is a stone staircase leading up here.
You punch the komodo dragon! You freeze the komodo dragon.
The komodo dragon is moderately wounded.
The komodo dragon bites you.
You pummel the komodo dragon!!
The komodo dragon seems to slow down.
You freeze the komodo dragon.
The komodo dragon is severely wounded.
The komodo dragon is no longer moving slowly.
The cane toad barely misses you. The komodo dragon closely misses you.
The cane toad stings you!!
You climb upwards.
There is a stone staircase leading down here.
You hit the komodo dragon but do no damage.
The komodo dragon is severely wounded.
The komodo dragon bites you!!
* * * LOW HITPOINT WARNING * * *
The cane toad stings you!
* * * LOW HITPOINT WARNING * * *
Attack: -) Ice fists
Press: ? - help, Dir - move target, f - cane toad
Aim: a cane toad (about 15% to evade your front paws)
Okay, then.
You hit the komodo dragon but do no damage.
The komodo dragon is severely wounded.
You block the cane toad's attack. The komodo dragon bites you!!
* * * LOW HITPOINT WARNING * * *
You hit the komodo dragon. You freeze the komodo dragon.
The komodo dragon is severely wounded.
The cane toad closely misses you.
Okay, then.
As you read the scroll of teleportation, it crumbles to dust.
You feel strangely unstable. The cane toad stings you.
* * * LOW HITPOINT WARNING * * *
You block the komodo dragon's attack. The cane toad stings you!!
You die...
Your body crumbles into a pile of gold.

.♣.♣.♣.♣♣#.................##
.♣.♣.♣.♣.#.................P##
.♣.♣.♣.♣.#...................#
.....♣...#.................###
#.##############...........#.#
♣.♣ ♣.♣.#............## ..♣
♣♣..#...........P# ♣♣♣♣♣♣♣♣♣
♣♣...#...........##
........♣#♣..♣.#Y...........#
♣♣♣♣♣♣♣.♣#..♣♣.#.F.........##
......♣.♣#.♣♣♣.#l..........#
.####.♣.♣#♣♣♣♣.#..>........##
.'.[#.♣.....................#
.'..#.♣.♣#♣♣♣♣.#...........##
#####.♣.♣ ♣♣..#...####.##.#
♣♣♣♣♣.♣.♣ ♣♣...#..######.#.#
......♣.♣#♣..♣.#..#.....'..#


You could see a komodo dragon and a cane toad.

Vanquished Creatures
  2 hydras
  A two-headed ogre (D:8)
  A queen ant (D:9)
  Urug (D:10)
  A black mamba (Lair:2)
  4 cane toads
  Maggie (Lair:1)
  2 rime drakes
  3 komodo dragons (Lair:2)
  A polar bear (Lair:2)
  Prince Ribbit (D:6)
  5 blink frogs (Lair:2)
  19 yaks
  A wyvern (D:8)
  3 basilisks
  Grum (D:9)
  Edmund (D:5)
  9 soldier ants (D:10)
  Duvessa (D:6)
  4 water moccasins
  5 orc warriors
  4 ice beasts
  2 black bears
  4 ogres
  7 wolves
  6 centaurs
  A necrophage (D:9)
  2 phantoms
  7 bullfrogs
  Dowan (D:6)
  A scorpion (D:8)
  10 wights
  An electric eel (D:8)
  2 howler monkeys
  A centaur zombie (D:8)
  3 jellies
  A bullfrog zombie (D:6)
  3 orc priests
  5 hounds
  2 centaur skeletons (D:7)
  A gnoll shaman (D:4)
  A bullfrog skeleton (D:5)
  8 orc wizards
  8 iguanas
  29 worker ants
  A killer bee zombie (D:5)
  3 hound skeletons
  A howler monkey zombie (D:11)
  2 worker ant zombies
  8 adders
  9 gnolls
  2 shadow imps
  4 white imps
  2 ufetubi
  2 oozes
  An adder zombie (D:8)
  A worm (D:2)
  3 dart slugs
  7 leopard geckos
  43 orcs
  3 giant cockroaches
  16 goblins
  10 hobgoblins
  10 jackals
  6 kobolds
  3 quokkas
  6 bats
  4 frilled lizards
  A giant cockroach zombie (D:5)
  A jackal zombie (D:5)
  2 quokka skeletons
  2 quokka zombies
  4 rats
334 creatures vanquished.

Vanquished Creatures (others)
  A worker ant (D:5)
  8 fungi
  8 plants (Lair:2)
17 creatures vanquished.

Grand Total: 351 creatures vanquished

Notes
Turn   | Place    | Note
-------+----------+-------------------------------------------
     0 | D:1      | wakim the Octopode Transmuter began the quest for the Orb.
     0 | D:1      | Reached XP level 1. HP: 13/13 MP: 3/3
   259 | D:1      | Reached XP level 2. HP: 12/18 MP: 3/5
   940 | D:1      | Reached XP level 3. HP: 21/23 MP: 4/6
   951 | D:1      | Learned a level 3 spell: Spider Form
  1743 | D:1      | Reached XP level 4. HP: 26/28 MP: 6/8
  3043 | D:2      | Reached skill level 1 in Poison Magic
  3337 | D:3      | Reached XP level 5. HP: 32/33 MP: 5/9
  3513 | D:3      | Found a bloodstained altar of Trog.
  4025 | D:4      | Noticed an ogre
  4039 | D:4      | Killed an ogre
  4040 | D:4      | Reached skill level 1 in Stealth
  4040 | D:4      | Reached XP level 6. HP: 24/39 MP: 7/10
  4207 | D:4      | Noticed Grinder
  4239 | D:4      | Reached skill level 5 in Transmutations
  5192 | D:4      | Reached XP level 7. HP: 45/45 MP: 7/11
  5797 | D:5      | Entered Level 5 of the Dungeon
  6566 | D:5      | Noticed Edmund
  6639 | D:5      | Killed Edmund
  6640 | D:5      | Reached XP level 8. HP: 32/54 MP: 10/12
  6959 | D:5      | Learned a level 4 spell: Ice Form
  6959 | D:5      | Found an iron altar of Okawaru.
  8215 | D:6      | Reached skill level 5 in Dodging
  8570 | D:5      | Reached skill level 5 in Fighting
  8729 | D:5      | Reached skill level 5 in Stealth
  8884 | D:6      | Reached XP level 9. HP: 61/61 MP: 13/13
  8888 | D:6      | Noticed an angel
  8891 | D:6      | Found a shimmering altar of Xom.
  8892 | D:6      | Found a glowing silver altar of Zin.
  8906 | D:6      | Noticed Prince Ribbit
  8925 | D:6      | Killed Prince Ribbit
  8926 | D:6      | Reached skill level 5 in Unarmed Combat
  8953 | D:6      | Found a radiant altar of Vehumet.
  9789 | D:7      | Noticed Duvessa
  9789 | D:7      | Noticed Dowan
  9805 | D:6      | Killed Duvessa
  9809 | D:6      | Killed Dowan
 10121 | D:7      | Found a large runed translucent door.
 10121 | D:7      | Found a large runed translucent door.
 10125 | D:7      | Noticed Megustar's ghost (novice DEAE)
 10158 | D:7      | Found a staircase to the Ecumenical Temple.
 10167 | Temple   | Entered the Ecumenical Temple
 10179 | Temple   | Became a worshipper of Gozag Ym Sagoz the Greedy
 10238 | D:7      | Found a shimmering blue altar of Sif Muna.
 10543 | D:7      | Reached skill level 5 in Spellcasting
 11181 | D:8      | Reached skill level 1 in Ice Magic
 11355 | D:8      | Reached XP level 10. HP: 49/68 MP: 17/17
 12690 | D:8      | Noticed a two-headed ogre
 12711 | D:8      | Killed a two-headed ogre
 12878 | D:8      | Found a sparkling altar of Nemelex Xobeh.
 12990 | D:8      | Found a snail-covered altar of Cheibriados.
 12991 | D:8      | Found an ancient bone altar of Kikubaaqudgha.
 13090 | D:9      | Found a bloodstained altar of Trog.
 13107 | D:9      | Noticed Grum
 13126 | D:9      | Killed Grum
 13244 | D:9      | Found a broken altar of Ashenzari.
 13267 | D:9      | Found Vucsouq's Jewellery Emporium.
 13539 | D:9      | Found a staircase to the Lair.
 13874 | D:8      | Reached XP level 11. HP: 48/75 MP: 20/20
 14163 | D:10     | Entered Level 10 of the Dungeon
 14283 | D:10     | Found Zarphuofu's Armour Boutique.
 14287 | D:10     | Bought a +0 kite shield for 49 gold pieces
 14443 | D:10     | Found Jegoedowk's General Store.
 14523 | D:10     | Noticed Urug
 14541 | D:10     | Killed Urug
 14542 | D:10     | Reached skill level 1 in Shields
 15446 | D:10     | Noticed a queen ant
 15470 | D:9      | Killed a queen ant
 16860 | D:11     | Noticed a seven-headed hydra
 17178 | D:10     | Identified a scroll of acquirement
 17178 | D:10     | Acquired 974 gold pieces
 17190 | D:10     | Bought a scroll labelled GIANIVVUHYSH for 34 gold pieces
 17238 | Lair:1   | Entered Level 1 of the Lair of Beasts
 17256 | Lair:1   | Noticed a six-headed hydra
 17266 | Lair:1   | Killed a six-headed hydra
 17598 | Lair:1   | Noticed Maggie
 17622 | Lair:1   | Killed Maggie
 18219 | Lair:2   | Reached skill level 5 in Shields
 18460 | Lair:2   | Noticed an eight-headed hydra
 18825 | Lair:2   | Reached XP level 12. HP: 46/84 MP: 21/21
 20422 | Lair:2   | Reached skill level 1 in Evocations
 20424 | Lair:2   | Identified the Tome of Earthen Transmigration
 20789 | Lair:2   | Killed an eight-headed hydra
 21161 | Lair:2   | Slain by a cane toad

Illustrated notes

Levels and vault maps discovered:
D:1:      wander_arrival_lonely_grave, layout_basic
D:2:      layout_loops_ring
D:3:      layout_rooms, trog_hazing_becter
D:4:      layout_loops_ring, uniq_grinder
D:5:      layout_cave_pools, lemuel_crystal_altar, serial_park,
          serial_park_tiny_1, serial_park_fountain, lemuel_flamethrower_2,
          uniq_edmund
D:6:      layout_gridville, grunt_temple_overflow_order_and_chaos_1,
          vehumet_altar_wand_db, nicolae_benzene_ring, kennysheep_small_circle,
          uniq_prince_ribbit1
D:7:      layout_gridville, minmay_temple_entry_waves,
          ebering_ghost_disaster_area, led_sif_pool, uniq_duvessa
D:8:      layout_basic, general_overflow_altar, gammafunk_temple_overflow_statue
D:9:      layout_long_grid, evilmike_ruin_ashenzari, bloody_trog,
          lair_entry_dummy, serial_shops, nicolae_shop_waterfront, uniq_grum
D:10:     layout_gridville, serial_shops, nicolae_shop_crystal,
          nicolae_shop_trees, zaba_antful_of_joy, uniq_urug
D:11:     minmay_glassy_protrusions, layout_loops_ring, serial_shops,
          shop_fountains, special_room [special_room_orc]
Temple:   nicolae_temple_god_jail
Lair:1:   layout_misc_corridors, uniq_maggie
Lair:2:   nzn_winding_woodlands_cross [nzn_winding_woodlands_5x15_pool,
          nzn_winding_woodlands_5x15_cabin,
          nzn_winding_woodlands_5x15_sidewinder,
          nzn_winding_woodlands_5x15_pockets,
          nzn_winding_woodlands_15x15_boxy_spiral], layout_regular_city
Lair:3:   layout_roguey, grunt_megastairs_1

Skill      XL: |  1  2  3  4  5  6  7  8  9 10 11 12 |
---------------+-------------------------------------+-----
Transmutations | 3 4 5 7 8 |  8.3
Poison Magic   | 1 2 3 |  3.0
Spellcasting   | 3 5 6 |  6.5
Stealth        | 1 2 3 5 6 8 |  8.0
Fighting       | 2 3 5 6 7 8 9 |  9.1
Dodging        | 3 4 6 8 9 |  9.3
Unarmed Combat | 4 6 7 8 |  8.8
Ice Magic      | 1 2 3 |  3.0
Shields        | 5 |  5.0
Evocations     | 2 |  2.0

Action                   |  1- 3 |  4- 6 |  7- 9 | 10-12 || total
-------------------------+-------+-------+-------+-------++-------
Melee: Unarmed           |    68 |   158 |   428 |   620 ||  1274
       Constrict         |    23 |    17 |     4 |     3 ||    47
       Tentacles         |     8 |    11 |     4 |     1 ||    24
       Kick              |     4 |       |       |       ||     4
       Punch             |     2 |     1 |     3 |       ||     6
       Spear             |       |       |       |     3 ||     3
Throw: Dart              |       |    12 |     4 |     1 ||    17
 Cast: Beastly Appendage |     4 |     1 |       |       ||     5
       Spider Form       |     1 |    20 |    35 |    31 ||    87
       Ice Form          |       |       |     8 |    37 ||    45
Invok: Call Merchant     |       |       |       |     2 ||     2
Evoke: Wand              |       |       |       |     5 ||     5
  Use: Potion            |       |     2 |     1 |     1 ||     4
       Scroll            |       |       |    12 |     5 ||    17
 Stab: Sleeping          |     5 |     2 |     4 |    10 ||    21
       Distracted        |       |     1 |     1 |     2 ||     4
Armor: Skin              |     9 |    18 |    61 |   100 ||   188
Dodge: Dodged            |    49 |   122 |   384 |   401 ||   956
Block: Other             |       |       |       |    36 ||    36
       Kite shield       |       |       |       |     1 ||     1

Table legend: (Time is in decaauts)
 A = Elapsed time spent in this place.
 B = Non-inter-level travel time spent in this place.
 C = Inter-level travel time spent in this place.
 D = Time resting spent in this place.
 E = Time spent auto-exploring this place.
 F = Levels seen in this place.
 G = Mean time per level.
                   A        B        C        D        E       F      G
               +--------+--------+--------+--------+--------+-----+--------+
         Total |  21049 |  20295 |    754 |   9464 |   6852 |  15 | 1403.3 |
       Dungeon |  17331 |  16672 |    659 |   7850 |   5559 |  11 | 1575.5 |
        Temple |     55 |     50 |      5 |      0 |      8 |   1 |   55.0 |
          Lair |   3662 |   3572 |     90 |   1614 |   1285 |   3 | 1220.7 |
               +--------+--------+--------+--------+--------+-----+--------+

Top non-repeatable levels by time:
    D:10: 2665 daAuts
  Lair:2: 2406 daAuts
     D:8: 2118 daAuts
     D:6: 1810 daAuts
     D:4: 1750 daAuts
     D:1: 1720 daAuts
     D:5: 1622 daAuts
     D:2: 1561 daAuts
     D:9: 1487 daAuts
     D:7: 1460 daAuts
  Lair:1: 1241 daAuts
     D:3: 1076 daAuts
    D:11: 57 daAuts
  Temple: 55 daAuts
  Lair:3: 13 daAuts
